 Dungeon Crawl Stone Soup version 0.27-a0-660-g90476cec82 (webtiles) character file.

Game seed: 427376826865889878

42 robertstho the Sneak (level 3, -1/14 HPs)
             Began as a Felid Ice Elementalist on Mar 16, 2021.
             Slain by a gnoll
             ... wielding a +2 halberd of protection
              (15 damage)
             ... on level 2 of the Dungeon.
             The game lasted 00:01:33 (1922 turns).

robertstho the Sneak (Felid Ice Elementalist)       Turns: 1922, Time: 00:01:35

Health: -1/14      AC:  1    Str:  4    XL:     3   Next: 35%
Magic:  7/7        EV: 17    Int: 17    God:
Gold:   43         SH:  0    Dex: 16    Spells: 2/6 levels left
                                        Lives:  0   Deaths: 0

rFire    . . .     SeeInvis +   (weapon unavailable)
rCold    . . .     Faith    .   (shield unavailable)
rNeg     . . .     Spirit   .   (armour unavailable)
rPois    .         Reflect  .   (helmet unavailable)
rElec    .         Harm     .   (cloak unavailable)
rCorr    .         Rampage  .   (gloves unavailable)
Will     .....                  (boots unavailable)
Stlth    +++.......             (no amulet)
HPRegen  0.04/turn              (no ring)
MPRegen  0.10/turn              (no ring)

@: quick
A: very small, claws 1, fangs 3, see invisible, speed 1, shaggy fur 1, stealthy
paws, no weapons or thrown items, no armour, multi-lived
a: no special abilities


You were on level 2 of the Dungeon.
You visited 1 branch of the dungeon, and saw 2 of its levels.

You collected 43 gold pieces.

Inventory:

Scrolls
 d - a scroll of random uselessness {unknown}
 e - a scroll of enchant weapon {unknown}
Potions
 a - a potion of invisibility {unknown}
 b - a potion of heal wounds {unknown}
 c - 2 potions of flight {unknown}


   Skills:
 * Level 3.0 Dodging
 * Level 4.0 Stealth
 * Level 2.4 Spellcasting
 * Level 3.9 Ice Magic


You had 2 spell levels left.
You knew the following spells:

 Your Spells              Type           Power      Damage    Failure   Level
a - Freeze                Ice            60%        1d8       3%          1
b - Frozen Ramparts       Ice            30%        1d5       11%         3

Your spell library contained the following spells:

 Spells                   Type           Power      Damage    Failure   Level
 Ozocubu's Armour         Ice            15%        N/A       11%         3
 Hailstorm                Conj/Ice       8%         3d4       63%         4
 Summon Ice Beast         Ice/Summ       8%         N/A       63%         4


Dungeon Overview and Level Annotations

Branches:
Dungeon (2/15)

Altars:


Innate Abilities, Weirdness & Mutations

You have sharp claws.
You have razor-sharp teeth.
You have supernaturally acute eyesight. (SInv)
You cover ground quickly. (Speed+)
You are covered in fur. (AC +1)
Your stealthy paws help you sneak and pounce on unaware monsters.
You are incapable of wielding weapons or throwing items.
You cannot wear armour.
You gain extra lives every three experience levels.


Message History

No target in view!
No target in view!
Unknown command.
The frozen ramparts melt away.
Magic restored.
HP restored.
You see here an adder corpse.
You see here an adder corpse.
A goblin comes into view.
Found a scroll labelled OSINWA QYIS.
A goblin is nearby!
A goblin is nearby!
A goblin is nearby!
A goblin is nearby!
The helpless goblin fails to defend itself.
You claw the goblin!
You kill the goblin!
No target in view!
No target in view!
A bat comes into view.
A bat is nearby!
A bat is nearby!
A bat is nearby!
A bat is nearby!
A gnoll comes into view.
It is wielding a +2 halberd of protection.
You pounce on the unaware helpless bat!
You claw the bat!
You kill the bat!
Found a stone staircase leading down. 2 gnolls come into view.
The helpless gnoll fails to defend itself.
You claw the gnoll!
The gnoll is heavily wounded.
The gnoll closely misses you.
You scratch the gnoll.
The gnoll is severely wounded.
The gnoll shouts!
A gnoll comes into view. It is wielding a +0 spear.
The gnoll hits you with a +2 halberd of protection!
Ouch! That really hurt!
You die...

... .# .. #.# #
.. #.g #.... ..#
.. ..#.##..# #g#
#.#.....# #..
..#.....#
#.g###........
#..@..†......#
#>####...#.#.# #
###.......#
...####.....###.#
.....?.....## ##
######.##.####.#
#. ..#.........#
#.##
###.#..#†######
#... ..#.#..#.#


You could see 3 gnolls.

Vanquished Creatures
  An adder (D:2)
  A dart slug (D:1)
  A leopard gecko (D:1)
  4 bats
  A giant cockroach (D:1)
  4 goblins
  6 hobgoblins (D:1)
  2 jackals (D:1)
  3 kobolds (D:1)
  A frilled lizard (D:1)
  4 rats (D:1)
28 creatures vanquished.

Notes
Turn   | Place    | Note
-------+----------+-------------------------------------------
     0 | D:1      | robertstho the Felid Ice Elementalist began the quest for
                  | the Orb.
     0 | D:1      | Reached XP level 1. HP: 7/7 MP: 4/4
   202 | D:1      | Reached skill level 3 in Stealth
   254 | D:1      | Reached XP level 2. HP: 7/11 MP: 0/6
  1462 | D:1      | Reached XP level 3. HP: 14/14 MP: 7/7
  1587 | D:1      | Learned a level 3 spell: Frozen Ramparts
  1807 | D:2      | Reached skill level 4 in Stealth
  1922 | D:2      | Slain by a gnoll

Illustrated notes

Levels and vault maps discovered:
D:1:      shiori_shiawase, layout_loops_ring
D:2:      layout_basic, old_standard_altar

Skill      XL: |  1  2  3 |
---------------+----------+-----
Stealth        | 3 4 |  4.0
Dodging        | 3 |  3.0
Spellcasting   | |  2.4
Ice Magic      | |  3.9

Action                   || total
-------------------------++-------
Melee: Unarmed           ||    58
       Bite              ||     3
 Cast: Freeze            ||    14
       Frozen Ramparts   ||     1
 Stab: Sleeping          ||    12
Armor: Skin              ||     3
Dodge: Dodged            ||    43

Table legend: (Time is in decaauts)
 A = Elapsed time spent in this place.
 B = Non-inter-level travel time spent in this place.
 C = Inter-level travel time spent in this place.
 D = Time resting spent in this place.
 E = Time spent auto-exploring this place.
 F = Levels seen in this place.
 G = Mean time per level.
                   A        B        C        D        E       F      G
               +--------+--------+--------+--------+--------+-----+--------+
         Total |   1782 |   1757 |     25 |    103 |   1496 |   2 |  891.0 |
       Dungeon |   1782 |   1757 |     25 |    103 |   1496 |   2 |  891.0 |
               +--------+--------+--------+--------+--------+-----+--------+

Top non-repeatable levels by time:
     D:1: 1630 daAuts
     D:2: 152 daAuts
